 Dungeon Crawl Stone Soup version 0.25.1-2-g60ff931df9 (webtiles) character file.

Game seed: 11982476904497286756

20 gruber the Slasher (level 2, -1/26 HPs)
             Began as a Minotaur Fighter on Dec 3, 2020.
             Slain by Natasha (4 damage)
             ... on level 3 of the Dungeon.
             The game lasted 00:00:54 (901 turns).

gruber the Slasher (Minotaur Fighter)                Turns: 901, Time: 00:00:55

Health: -1/26      AC:  6    Str: 20    XL:     2   Next: 58%
Magic:  1/1        EV:  7    Int:  5    God:
Gold:   127        SH:  9    Dex:  9    Spells: 1/1 levels left

rFire    . . .     SeeInvis .   a - +0 long sword
rCold    . . .     Gourm    .   c - +0 kite shield
rNeg     . . .     Faith    .   b - +0 scale mail
rPois    .         Spirit   .   (helmet restricted)
rElec    .         Reflect  .   (no cloak)
rCorr    .         Harm     .   (no gloves)
MR       .....                  (no boots)
Stlth    ..........             (no amulet)
HPRegen  0.08/turn              (no ring)
MPRegen  0.07/turn              (no ring)

@: mighty
A: retaliatory headbutt, horns 2
a: no special abilities


You were on level 3 of the Dungeon.
You were not hungry.

You visited 1 branch of the dungeon, and saw 3 of its levels.

You collected 127 gold pieces.

Inventory:

Hand Weapons
 a - a +0 long sword (weapon)
Missiles
 j - 5 poisoned darts (quivered)
Armour
 b - a +0 scale mail (worn)
 c - a +0 kite shield (worn)
Scrolls
 h - a scroll of enchant weapon {unknown}
 i - a scroll of random uselessness {unknown}
 k - a scroll of blinking {unknown}
 l - a scroll of fog {unknown}
 n - a scroll of identify {unknown}
 o - a scroll of teleportation {unknown}
Potions
 e - 3 potions of curing {unknown}
 g - 2 potions of heal wounds {unknown}
Comestibles
 f - 3 rations


   Skills:
 - Level 3.6 Fighting
 + Level 4.0 Long Blades
 - Level 3.6 Armour
 - Level 3.6 Shields


You had one spell level left.
You didn't know any spells.
Your spell library was empty.

Dungeon Overview and Level Annotations

Branches:
Dungeon (3/15)

Altars:

Annotations:
D:3 Natasha


Innate Abilities, Weirdness & Mutations

You reflexively headbutt those who attack you in melee.
You have a pair of horns on your head.


Message History

You block the rat's attack. The shadow imp gestures at you.
Pain shoots through your body!
* * * LOW HITPOINT WARNING * * *
The rat bites you but does no damage.
There is a stone staircase leading down here.
The rat barely misses you. Natasha claws you.
* * * LOW HITPOINT WARNING * * *
The rat bites you.
* * * LOW HITPOINT WARNING * * *
You climb downwards.
The shadow imp disappears in a puff of smoke!
The iron imp disappears in a puff of smoke!
A leopard gecko and an orc come into view.
The orc shouts!
The leopard gecko hisses angrily.
You hear a bark!
There is a stone staircase leading up here.
You feel very mighty all of a sudden.
You feel yourself speed up.
Natasha casts a spell.
You block the rat's attack. Natasha claws you.
You die...

#####
#...##
#.... ...
#####.#####
#...r@....#
#.###h###.#
#.. #5..
##... ..o.
...l8
......


You could see Natasha, a crimson imp (summoned), an orc, a leopard gecko and a
rat.

Vanquished Creatures
  2 leopard geckos
  2 bats
  A giant cockroach (D:1)
  A goblin (D:2)
  A hobgoblin (D:1)
  6 kobolds
  A frilled lizard (D:2)
  2 rats (D:1)
16 creatures vanquished.

Notes
Turn   | Place    | Note
-------+----------+-------------------------------------------
     0 | D:1      | gruber the Minotaur Fighter began the quest for the Orb.
     0 | D:1      | Reached XP level 1. HP: 19/19 MP: 0/0
   412 | D:1      | Reached skill level 3 in Long Blades
   583 | D:1      | Reached XP level 2. HP: 22/26 MP: 1/1
   887 | D:2      | Noticed Natasha
   888 | D:2      | Reached skill level 4 in Long Blades
   901 | D:3      | Slain by Natasha

Illustrated notes

Levels and vault maps discovered:
D:1:      lightli_arrival_lavapool, layout_loops_ring
D:2:      layout_rooms, lemuel_crystal_altar, chequers_ecumenical_altar_grove,
          uniq_natasha
D:3:      layout_loops_corners, lemuel_round_altar, lemuel_doored_altar,
          makhleb_grotto_becter, grunt_decor_mini_mirrors, st_stairs_1,
          nicolae_gozag_seed_capital

Skill      XL: |  1  2 |
---------------+-------+-----
Long Blades    | 3 4 |  4.0
Fighting       | |  3.6
Armour         | |  3.6
Shields        | |  3.6

Action                   || total
-------------------------++-------
Melee: Long sword        ||    52
       Headbutt          ||     6
  Use: Potion            ||     1
Armor: Scale mail        ||    25
Dodge: Dodged            ||    22
Block: Kite shield       ||    25
       Rpst.: Long sword ||     4
